 Seeded DCSS version 0.30-a0-137-gd8773701ce (webtiles) character file.

Game seed: 1122199492344515696 (custom seed)

98 valliere the Stinger (level 4, 0/27 HPs)
             Began as an Octopode Venom Mage on Sept 22, 2022.
             Succumbed to a scorpion's poison
             ... on level 4 of the Dungeon.
             The game lasted 00:02:34 (1319 turns).

valliere the Stinger (Octopode Venom Mage)          Turns: 1319, Time: 00:02:35

Health: 0/27       AC:  1    Str:  7    XL:     4   Next: 71%
Magic:  2/7        EV: 13    Int: 19    God:
Gold:   51         SH:  0    Dex: 12    Spells: 7/8 levels left

rFire   . . .      SeeInvis .    (no weapon)
rCold   . . .      Faith    .    (no shield)
rNeg    . . .      Spirit   .    (helmet restricted)
rPois   .          Reflect  .    d - amulet of regeneration
rElec   .          Harm     .    (no ring)
rCorr   .          Rampage  .    (no ring)
Will    .....                    (no ring)
Stlth   +++.......               (no ring)
HPRegen 0.89/turn                (no ring)
MPRegen 0.10/turn                (no ring)
                                 (no ring)
                                 (no ring)

@: brilliant, lethally poisoned (0 -> -8)
A: almost no armour, amphibious, 8 rings, camouflage 1, gelatinous body 1,
(nimble swimmer 1), tentacles
a: no special abilities


You were on level 4 of the Dungeon.
You visited 1 branch of the dungeon, and saw 4 of its levels.

You collected 51 gold pieces.

Inventory:

Jewellery
 d - an amulet of regeneration (around mantle)
Scrolls
 b - 2 scrolls of enchant armour {unknown}
 f - a scroll of vulnerability {unknown}
Potions
 a - a potion of magic
 c - a potion of brilliance
 e - a potion of heal wounds {unknown}


   Skills:
 + Level 2.5 Dodging
 + Level 3.7 Stealth
 + Level 2.5 Spellcasting
 + Level 1.9 Transmutations
 * Level 4.7 Poison Magic


You had 7 spell levels left.
You knew the following spells:

 Your Spells              Type           Power      Damage    Failure   Level
a - Sting                 Tmut/Pois      88%        1d7       4%          1

Your spell library contained the following spells:

 Spells                   Type           Power      Damage    Failure   Level
 Poisonous Vapours        Pois/Air       34%        N/A       10%         2
 Olgreb's Toxic Radiance  Pois           30%        N/A       22%         4
 Mephitic Cloud           Conj/Pois/Air  12%        N/A       26%         3
 Gell's Gravitas          Tloc           3%         N/A       43%         3
 Lesser Beckoning         Tloc           3%         N/A       43%         3
 Teleport Other           Tloc           3%         N/A       43%         3


Dungeon Overview and Level Annotations

Branches:
Dungeon (4/15)
 Temple: D:4-7

Altars:
Nemelex Xobeh

Shops:
D:2 (


Innate Abilities, Weirdness & Mutations

You cannot wear most types of armour.
You are amphibious.
You can wear up to eight rings at the same time.
Your skin changes colour to match your surroundings (Stealth+).
Your rubbery body absorbs attacks. (AC +1, EV +1)
((You are camouflaged when in or above water. (Stealth+)))
You have tentacles for arms and can constrict up to eight enemies at once.


Message History

Found 2 scrolls labelled GASMAE KAUWN.
There is a stone staircase leading down here.
You climb downwards.
Found a jewelled long sword.
There is a stone staircase leading up here.
Found 11 gold pieces.
You see here the +3 long sword "Paucuab" {vorpal, Contam rElec rCorr}.
A scorpion comes into view.
The sting hits the scorpion but does no damage.
The scorpion is poisoned.
The sting hits the scorpion.
The scorpion looks even sicker.
The scorpion is moderately wounded.
The scorpion stings you!
You are poisoned.
The scorpion poisons you!
The sting hits the scorpion.
The scorpion looks even sicker.
The scorpion is heavily wounded.
You feel very sick. The scorpion stings you.
You are lethally poisoned!
The scorpion poisons you!
You are too injured to fight recklessly!
Casting: Sting (safe; 4% risk of failure)
Confirm with . or Enter, or press ? or * to list all spells.
Aiming: Sting (safe; 4% risk of failure)
Press: ? - help, Shift-Dir - straight line, f/p - scorpion
Aim: a scorpion (severely wounded, very poisoned, 71% to hit)
The sting hits the scorpion but does no damage.
The scorpion looks as sick as possible!
The scorpion is severely wounded.
* * * LOW HITPOINT WARNING * * *
You feel very sick.
You kill the scorpion!
You have reached level 4!
Okay, then.
* * * LOW HITPOINT WARNING * * *
You feel very sick.
It was a potion of brilliance.
You feel clever all of a sudden.
You die...

#. . #. .# ..
#.###. .... .
.... ..# .#
#..###..##.#
#......$...#
##....#...#.#
#...........#.
#)#..@#.......
#.#...........
#<#...##......
###..... ..##.
#.#.### ...
#.#.. #..
#.#.## # #.#.#
#...#


There were no monsters in sight!

Vanquished Creatures
  A scorpion (D:4)
  An adder (D:2)
  A worm (D:2)
  A dart slug (D:2)
  An orc (D:3)
  A ball python (D:1)
  3 endoplasms (D:1)
  A goblin (D:2)
  4 jackals (D:2)
  2 quokkas
  3 bats
  A kobold (D:2)
  A rat (D:2)
21 creatures vanquished.

Notes
Turn   | Place    | Note
-------+----------+-------------------------------------------
     0 | D:1      | valliere the Octopode Venom Mage began the quest for the
                  | Orb.
     0 | D:1      | Reached XP level 1. HP: 11/11 MP: 3/3
   617 | D:1      | Reached XP level 2. HP: 17/17 MP: 1/5
   945 | D:2      | Reached skill level 4 in Poison Magic
  1037 | D:2      | Reached XP level 3. HP: 21/21 MP: 0/6
  1137 | D:2      | Found Gelocef's Weapon Emporium.
  1293 | D:3      | Found a sparkling altar of Nemelex Xobeh.
  1306 | D:4      | Identified the +3 long sword "Paucuab" {vorpal, Contam
                  | rElec rCorr}
  1307 | D:4      | Noticed a scorpion
  1317 | D:4      | Killed a scorpion
  1318 | D:4      | Reached XP level 4. HP: 5/27 MP: 2/7
  1319 | D:4      | Succumbed to a scorpion's poison

Illustrated notes

Levels and vault maps discovered:
D:1:      doesnt_arrival_eight_statues, layout_loops_corners,
          hellmonk_ecumenical_altar_crossroads
D:2:      layout_basic, serial_shops, shop, kennysheep_flooded_box,
          kennysheep_big_empty_room
D:3:      layout_basic, nemelex_xobeh_ov_fountains_minmay, uniq_ijyb,
          uniq_jessica
D:4:      layout_basic

Skill      XL: |  1  2 |
---------------+-------+-----
Stealth        | 3 |  3.7
Poison Magic   | 4 |  4.7
Dodging        | |  2.5
Spellcasting   | |  2.5
Transmutations | |  1.9

Action                   |  1- 3 |  4- 6 || total
-------------------------+-------+-------++-------
Melee: Unarmed           |    21 |       ||    21
       Constrict         |     4 |       ||     4
       Tentacles         |     3 |       ||     3
 Cast: Sting             |    45 |       ||    45
  Use: Potion            |       |     1 ||     1
Dodge: Dodged            |    29 |       ||    29

Table legend: (Time is in decaauts)
 A = Elapsed time spent in this place.
 B = Non-inter-level travel time spent in this place.
 C = Inter-level travel time spent in this place.
 D = Time resting spent in this place.
 E = Time spent auto-exploring this place.
 F = Levels seen in this place.
 G = Mean time per level.
                   A        B        C        D        E       F      G
               +--------+--------+--------+--------+--------+-----+--------+
         Total |   1318 |   1281 |     37 |      0 |   1083 |   4 |  329.5 |
       Dungeon |   1318 |   1281 |     37 |      0 |   1083 |   4 |  329.5 |
               +--------+--------+--------+--------+--------+-----+--------+

Top non-repeatable levels by time:
     D:1: 722 daAuts
     D:2: 441 daAuts
     D:3: 139 daAuts
     D:4: 14 daAuts
